 Dungeon Crawl Stone Soup version 0.23.2-33-g5129a83184 (webtiles) character file.

Game seed: 15198571260038854307

12211 Exodus22XD the Severer (level 11, -5/95 HPs)
             Began as a Minotaur Fighter on June 30, 2019.
             Was a High Priest of Qazlal.
             Slain by Jorgrun
             ... wielding a +0 quarterstaff of crushing
              (19 damage)
             ... on level 12 of the Dungeon.
             The game lasted 00:44:10 (10196 turns).

Exodus22XD the Severer (Minotaur Fighter)          Turns: 10196, Time: 00:44:11

Health: -5/95      AC: 19    Str: 22    XL:     11   Next: 59%
Magic:  10/10      EV: 22    Int:  9    God:    Qazlal [*****.]
Gold:   425        SH:  6    Dex: 10    Spells: 11/11 levels left

rFire    + + +     SeeInvis .   J - +2 battleaxe (flame)
rCold    . . .     Gourm    .   (shield currently unavailable)
rNeg     + . .     Faith    .   w - +0 plate armour
rPois    .         Spirit   .   (helmet restricted)
rElec    .         Reflect  .   (no cloak)
rCorr    .         Harm     .   (no gloves)
MR       .....                  A - +0 pair of boots
Stlth    ..........             B - amulet of Ymub Rom {Acrobat rF+++ Str-2 Int+4}
HPRegen  0.25/turn              x - +1 ring of protection
MPRegen  0.12/turn              L - ring of Zesupino {+Fly rN+}

@: protected from physical damage, acrobat, repel missiles
A: retaliatory headbutt, horns 2
a: Upheaval, Elemental Force, Disaster Area, Renounce Religion, Evoke Flight


You were on level 12 of the Dungeon.
You worshipped Qazlal.
Qazlal was extremely pleased with you.
You were not hungry.

You visited 2 branches of the dungeon, and saw 14 of its levels.

You collected 485 gold pieces.
You spent 60 gold pieces at shops.

Inventory:

Hand Weapons
 z - a +3 dire flail of protection
 F - a +0 broad axe
 J - a +2 battleaxe of flaming (weapon)
Armour
 c - a +0 shield
 w - a +0 plate armour (worn)
 A - a +0 pair of boots (worn)
Jewellery
 x - a +1 ring of protection (left hand)
 B - the amulet of Ymub Rom (around neck) {Acrobat rF+++ Str-2 Int+4}
   (You found it on level 6 of the Dungeon)

   [amulet of the acrobat]

   It helps you evade while moving and waiting.
   It affects your strength (-2).
   It affects your intelligence (+4).
   It renders you almost immune to fire.
 I - an uncursed amulet of regeneration {unknown}
 L - the ring of Zesupino (right hand) {+Fly rN+}
   (You found it on level 8 of the Dungeon)

   [ring of flight]

   It protects you from negative energy.
   It lets you fly.
Wands
 h - a wand of disintegration (17)
 l - a wand of clouds (3)
 r - a wand of acid (8)
 u - a wand of flame (49)
 y - a wand of polymorph (6)
 C - a wand of digging (6)
 K - a wand of paralysis (4)
Scrolls
 a - a scroll of torment {unknown}
 e - 10 scrolls of remove curse
 i - 2 scrolls of fog
 j - 3 scrolls of magic mapping
 k - a scroll of enchant armour {unknown}
 p - 2 scrolls of blinking
 q - 2 scrolls of amnesia
 s - 2 scrolls of immolation
 v - 3 scrolls of enchant weapon
 D - a scroll of identify
Potions
 d - a potion of might
 g - a potion of ambrosia {unknown}
 m - 3 potions of mutation
 n - a potion of agility
 o - 2 potions of brilliance
 E - 2 potions of haste
 G - a potion of invisibility {unknown}
 H - a potion of cancellation {unknown}
 N - a potion of lignification {unknown}
Comestibles
 f - 11 rations


   Skills:
 + Level 8.7 Fighting
 * Level 16.1 Axes
 + Level 8.7 Armour
 - Level 1.9 Dodging
 + Level 0.3 Stealth
 - Level 9.3 Shields
 + Level 0.5 Spellcasting


You had 11 spell levels left.
You didn't know any spells.
Your spell library contained the following spells:

 Spells                   Type           Power        Failure   Level  Hunger
 Animate Skeleton         Necr           N/A          99%         1    ##.....
 Apportation              Tloc           #.....       99%         1    ##.....
 Confusing Touch          Hex            #.....       99%         1    ##.....
 Pain                     Necr           #...         99%         1    ##.....
 Summon Small Mammal      Summ           #...         99%         1    ##.....
 Confuse                  Hex            #.......     100%        3    ####...
 Gell's Gravitas          Tloc           #.........   100%        3    ####...
 Regeneration             Chrm/Necr      #.........   100%        3    ####...
 Vampiric Draining        Necr           #.........   100%        3    ####...
 Animate Dead             Necr           N/A          100%        4    #####..
 Petrify                  Tmut/Erth      #.......     100%        4    #####..
 Metabolic Englaciation   Hex/Ice        #.........   100%        5    ######.
 Yara's Violent Unravell  Hex/Tmut       #.........   100%        5    ######.


Dungeon Overview and Level Annotations

Branches:
Dungeon (13/15)            Temple (1/1) D:4
   Lair: D:8-11         Orc: D:9-12      Vaults: D:13-14

Altars:
Ashenzari
Cheibriados
Dithmenos
Elyvilon
Fedhas
Gozag
Hepliaklqana
Kikubaaqudgha
Makhleb
Nemelex Xobeh
Okawaru
Qazlal
Ru
Sif Muna
Trog
Uskayaw
Vehumet
Wu Jian
Xom
Zin
The Shining One
Beogh

Shops:
D:7 (   D:10 (

Portals:
Trove: D:12 (give +4 demon trident)
Ice
Cave: D:13

Annotations:
D:3 2 runed translucent doors, Bergy's ghost, amateur DsAK
D:12 Erolcha; Jorgrun


Innate Abilities, Weirdness & Mutations

You reflexively headbutt those who attack you in melee.
You have a pair of horns on your head.


Message History

Erolcha flickers and vanishes!
Deactivating autopickup; reactivate with Ctrl-A.
You block the steam dragon's attack. x2
Your surroundings suddenly seem different.
Splash!
You fall into the shallow water.
Moving in this stuff is going to be slow.
Jorgrun says, "A few more walls knocked out 'ere an' thar an' 'tis whole place will come crashin' down."
Jorgrun casts a spell at you. The iron shot misses you.
Your protection from fire is fading.
You feel less protected from fire.
You hear a grinding noise.
Jorgrun is too close now for your liking.
The wall shatters!
The blast of rock fragments hits you!
You feel protected from physical attacks.
* * * LOW HITPOINT WARNING * * *
Some rock shatters into small pieces.
Jorgrun hits you with a +0 quarterstaff of crushing!!
You die...

..≈≈##.....#.#
# #.##
#.......# #
#....#.### #
#.....#...# #
#.#.#...#.# #
#.#.....#.# #
# #.....#.# #
#.....#.######
###.§g@......#
#...#.######
####...#.#
.........#
#####..### #.#
##


You could see Jorgrun.

Vanquished Creatures
  Nessos (D:12)
  2 two-headed ogres (D:10)
  An unseen horror (D:11)
  2 ugly things
  Joseph (D:8)
  Psyche (D:9)
  2 centaur skeletons
  A polar bear (D:11)
  Grinder (D:5)
  A centaur simulacrum (D:11)
  A shadow (D:11)
  2 hungry ghosts
  Edmund (D:5)
  5 soldier ants (D:8)
  Duvessa (D:5)
  2 water moccasins
  12 orc warriors
  4 ice beasts
  A phantom (D:7)
  A wolf (D:11)
  An ogre (D:4)
  4 centaurs
  A big kobold (D:7)
  5 bullfrogs
  A wyvern skeleton (D:8)
  Dowan (D:5)
  3 scorpions
  19 killer bees
  4 howler monkeys
  A crimson imp (D:10)
  5 orc priests
  2 centaur zombies
  3 jellies
  18 orc wizards
  4 hounds
  3 iguanas
  26 worker ants
  A killer bee zombie (D:7)
  10 adders
  3 gnolls (D:7)
  2 shadow imps (D:5)
  3 white imps (D:11)
  2 ufetubi (D:11)
  An adder zombie (D:6)
  5 oozes
  4 worms
  3 dart slugs (D:1)
  5 leopard geckos
  57 orcs
  7 giant cockroaches
  9 goblins
  7 hobgoblins
  7 jackals
  8 kobolds
  A quokka (D:2)
  4 bats
  3 frilled lizards
  3 jackal skeletons
  A leopard gecko skeleton (D:6)
  A leopard gecko zombie (D:5)
  9 rats
  A spectral orc (D:8)
301 creatures vanquished.

Vanquished Creatures (others)
  2 plants (D:4)
2 creatures vanquished.

Grand Total: 303 creatures vanquished

Notes
Turn   | Place    | Note
-------+----------+-------------------------------------------
     0 | D:1      | Exodus22XD the Minotaur Fighter began the quest for the
                  | Orb.
     0 | D:1      | Reached XP level 1. HP: 19/19 MP: 0/0
    72 | D:1      | Reached XP level 2. HP: 23/27 MP: 1/1
   425 | D:1      | Reached XP level 3. HP: 22/33 MP: 2/2
   428 | D:1      | Reached skill level 3 in Axes
   782 | D:2      | Reached skill level 1 in Dodging
   804 | D:2      | Reached XP level 4. HP: 35/41 MP: 3/3
   949 | D:2      | You fall through a shaft for 2 floors!
   978 | D:4      | Found a staircase to the Ecumenical Temple.
   986 | Temple   | Entered the Ecumenical Temple
  1150 | Temple   | Became a worshipper of Qazlal Stormbringer
  1188 | D:4      | Reached skill level 4 in Axes
  1236 | D:4      | Reached XP level 5. HP: 34/47 MP: 4/4
  1248 | D:4      | Noticed an ogre
  1540 | D:3      | Found a large runed translucent door.
  1541 | D:3      | Found a large runed translucent door.
  1544 | D:3      | Noticed Bergy's ghost (amateur DsAK)
  1843 | D:3      | Reached skill level 5 in Axes
  2117 | D:3      | Reached XP level 6. HP: 33/53 MP: 5/5
  2427 | D:2      | Reached * piety under Qazlal
  3162 | D:4      | Reached skill level 5 in Armour
  3236 | D:4      | Reached skill level 6 in Axes
  3463 | D:4      | Reached skill level 5 in Shields
  3463 | D:4      | Reached XP level 7. HP: 47/60 MP: 6/6
  3517 | D:5      | Entered Level 5 of the Dungeon
  3542 | D:5      | Reached skill level 5 in Fighting
  3650 | D:5      | Reached skill level 7 in Axes
  3701 | D:5      | Noticed Edmund
  3728 | D:5      | Killed Edmund
  3830 | D:5      | Noticed Dowan
  3844 | D:5      | Killed Dowan
  3844 | D:5      | Reached skill level 8 in Axes
  4073 | D:5      | Noticed Duvessa
  4094 | D:5      | Killed Duvessa
  4094 | D:5      | Reached XP level 8. HP: 28/69 MP: 7/7
  4538 | D:5      | Noticed Grinder
  4557 | D:5      | Killed Grinder
  4635 | D:5      | Reached skill level 9 in Axes
  4852 | D:4      | Reached ** piety under Qazlal
  5172 | D:6      | Got a warped jade amulet
  5183 | D:6      | Identified the amulet of Ymub Rom {Acrobat rF+++ Str-2
                  | Int+4} (You found it on level 6 of the Dungeon)
  5775 | D:7      | Found Seacsibb's Weapon Shop.
  5781 | D:7      | Bought a +0 broad axe for 60 gold pieces
  5941 | D:7      | Reached skill level 10 in Axes
  6116 | D:7      | Reached XP level 9. HP: 52/75 MP: 8/8
  6611 | D:8      | Noticed a green ugly thing
  6615 | D:8      | Noticed Psyche
  6644 | D:8      | Reached skill level 11 in Axes
  6651 | D:8      | HP: 3/75 [poisoned by a green ugly thing]
  6656 | D:8      | HP: 2/75 [poisoned by a green ugly thing]
  6664 | D:8      | HP: 2/75 [poisoned by a green ugly thing]
  7024 | D:8      | Killed a green ugly thing
  7036 | D:8      | Paralysed by a centaur for 7 turns
  7044 | D:8      | Noticed Joseph
  7071 | D:9      | Killed Psyche
  7272 | D:9      | Reached skill level 12 in Axes
  7352 | D:9      | Reached *** piety under Qazlal
  7887 | D:10     | Entered Level 10 of the Dungeon
  7899 | D:9      | Reached XP level 10. HP: 67/84 MP: 9/9
  8028 | D:8      | Killed Joseph
  8061 | D:8      | Reached skill level 13 in Axes
  8399 | D:8      | Got a coiled jade ring
  8408 | D:8      | Identified the ring of Zesupino {+Fly rN+} (You found it on
                  | level 8 of the Dungeon)
  8483 | D:8      | Noticed a queen ant
  8553 | D:8      | Reached **** piety under Qazlal
  9013 | D:8      | Found a roughly hewn altar of Beogh.
  9198 | D:10     | Reached skill level 14 in Axes
  9200 | D:10     | Found Icre's Antique Weapon Shoppe.
  9231 | D:10     | Noticed a two-headed ogre
  9250 | D:10     | Noticed a two-headed ogre
  9674 | D:10     | Killed a two-headed ogre
  9700 | D:10     | Killed a two-headed ogre
  9700 | D:10     | Reached XP level 11. HP: 38/92 MP: 10/10
  9920 | D:11     | Reached ***** piety under Qazlal
  9944 | D:11     | Killed an unseen horror
  9944 | D:11     | Reached skill level 15 in Axes
  9973 | D:11     | Found a snail-covered altar of Cheibriados.
  9982 | D:11     | Found Cheibriados's Comfort Zone.
 10055 | D:11     | You fall through a shaft!
 10059 | D:12     | Noticed Nessos
 10075 | D:12     | Killed Nessos
 10089 | D:12     | Noticed a green ugly thing
 10104 | D:12     | Killed a green ugly thing
 10108 | D:12     | Reached skill level 16 in Axes
 10139 | D:12     | Noticed Jorgrun
 10142 | D:13     | Found a frozen archway.
 10142 | D:13     | Noticed a six-headed hydra
 10157 | D:12     | Noticed Erolcha
 10165 | D:12     | Found a portal to a secret trove of treasure.
 10196 | D:12     | Slain by Jorgrun

Skill      XL: |  1  2  3  4  5  6  7  8  9 10 11 |
---------------+----------------------------------+-----
Fighting       | 4 5 6 7 8 |  8.7
Armour         | 4 5 6 7 8 |  8.7
Shields        | 4 5 6 7 9 |  9.3
Axes           | 3 4 5 6 8 10 12 14 16 | 16.1
Dodging        | 1 |  1.9
Stealth        | |  0.3
Spellcasting   | |  0.5

Action                   |  1- 3 |  4- 6 |  7- 9 | 10-12 || total
-------------------------+-------+-------+-------+-------++-------
Melee: War axe           |    53 |   149 |   153 |       ||   355
       Headbutt          |     8 |    24 |    53 |    56 ||   141
       Broad axe         |       |       |   151 |   228 ||   379
       Battleaxe         |       |       |       |    91 ||    91
  Use: Scroll            |       |     9 |    12 |     4 ||    25
       Potion            |       |       |     2 |     4 ||     6
  Eat: Ration            |       |     2 |     4 |     4 ||    10
       Chunk             |       |     2 |       |       ||     2
Armor: Scale mail        |    22 |    49 |       |       ||    71
       Plate armour      |       |       |   163 |   129 ||   292
Dodge: Dodged            |    26 |    42 |    61 |    95 ||   224
       Deflected         |       |       |       |     2 ||     2
Block: Shield            |    28 |    81 |   229 |   174 ||   512
       Other             |       |       |       |    34 ||    34
